 Dungeon Crawl Stone Soup version 0.25-b1-46-gb8a1ec05df (webtiles) character file.

Game seed: 3451704702046442639

56 Froggeryz the Fighter (level 3, 0/38 HPs)
             Began as a Gnoll Wanderer on June 9, 2020.
             Succumbed to a gnoll's poison
             ... on level 2 of the Dungeon.
             The game lasted 00:01:27 (1053 turns).

Froggeryz the Fighter (Gnoll Wanderer)              Turns: 1053, Time: 00:01:28

Health: 0/38       AC:  5    Str: 16    XL:     3   Next: 97%
Magic:  4/4        EV: 12    Int: 12    God:
Gold:   70         SH:  0    Dex: 15    Spells: 4/4 levels left

rFire    . . .     SeeInvis .   k - +3 short sword (venom)
rCold    . . .     Gourm    .   (no shield)
rNeg     . . .     Faith    .   b - +0 ring mail
rPois    .         Spirit   .   (no helmet)
rElec    .         Reflect  .   (no cloak)
rCorr    .         Harm     .   (no gloves)
MR       .....                  (no boots)
Stlth    ++........             (no amulet)
HPRegen  0.12/turn              (no ring)
MPRegen  0.09/turn              (no ring)

@: lethally poisoned (0 -> -5), about to teleport, hasted, very quick
A: distributed training, fangs 1, strong nose
a: no special abilities


You were on level 2 of the Dungeon.
You were not hungry.

You visited 1 branch of the dungeon, and saw 2 of its levels.

You collected 70 gold pieces.

Inventory:

Hand Weapons
 a - a +2 hand axe
 k - a +3 short sword of venom (weapon)
Missiles
 m - 11 sling bullets
Armour
 b - a +0 ring mail (worn)
Jewellery
 h - a +6 ring of dexterity {unknown}
Scrolls
 e - a scroll of enchant armour {unknown}
 f - a scroll of identify {unknown}
 g - a scroll of immolation {unknown}
 l - 2 scrolls of teleportation
 n - 3 scrolls of enchant weapon {unknown}
Potions
 c - a potion of lignification
Comestibles
 d - 2 rations
 i - 4 chunks of flesh


   Skills:
 + Level 8.5 Fighting
 + Level 1.0 Short Blades
 + Level 1.0 Long Blades
 + Level 4.6 Axes
 + Level 1.0 Maces & Flails
 + Level 1.0 Polearms
 + Level 1.0 Staves
 + Level 1.0 Slings
 + Level 1.0 Bows
 + Level 1.0 Crossbows
 + Level 4.6 Throwing
 + Level 1.0 Armour
 + Level 2.6 Dodging
 + Level 2.4 Stealth
 + Level 1.0 Shields
 + Level 1.0 Unarmed Combat
 + Level 1.0 Spellcasting
 + Level 0.7 Conjurations
 + Level 0.7 Hexes
 + Level 0.7 Charms
 + Level 0.7 Summonings
 + Level 0.7 Necromancy
 + Level 0.7 Translocations
 + Level 0.7 Transmutations
 + Level 0.7 Fire Magic
 + Level 0.7 Ice Magic
 + Level 0.7 Air Magic
 + Level 0.7 Earth Magic
 + Level 0.7 Poison Magic
 + Level 1.0 Invocations
 + Level 1.0 Evocations


You had 4 spell levels left.
You didn't know any spells.
Your spell library was empty.

Dungeon Overview and Level Annotations

Branches:
Dungeon (2/15)

Altars:
Dithmenos
Xom


Innate Abilities, Weirdness & Mutations

Your experience applies equally to all skills.
You have very sharp teeth.
Your uncanny sense of smell can sniff out nearby items.


Message History

Your Spellcasting skill increases to level 1!
Your Evocations skill increases to level 1!
Unknown command.
It was a potion of haste.
You feel yourself speed up.
* * * LOW HITPOINT WARNING * * *
You feel sick.
* * * LOW HITPOINT WARNING * * *
You feel sick.
Found a shimmering altar of Xom and a shadowy altar of Dithmenos.
A frilled lizard, a bat and an adder come into view.
The frilled lizard hisses angrily.
* * * LOW HITPOINT WARNING * * *
You feel sick.
As you read the scroll labeled CIDAFF SETACU, it crumbles to dust.
You feel strangely unstable.
It was a scroll of teleportation.
* * * LOW HITPOINT WARNING * * *
You feel sick.
You see here a gnoll corpse.
The bat hits you but does no damage.
You die...

.. #...... ### #.## #......
.. #..# #._..⌠. #.## ####.#
#....l. ..# #..... #._S..
#.# #..... #.....
#)#######.....
#...l##########.)#..........
#...$.S..b.@....)..#####.###
#....###########...###......
#...# ##........### #...
#...##........ #..
....#######..### #.. ####
#..### ## ##....# ∆ #.....#
. ###..<#.#


You could see an adder, a bat and a frilled lizard.

Vanquished Creatures
  4 gnolls (D:2)
  2 leopard geckos (D:1)
  A giant cockroach (D:2)
  6 bats
  A frilled lizard (D:1)
  3 kobolds
  5 rats
22 creatures vanquished.

Notes
Turn   | Place    | Note
-------+----------+-------------------------------------------
     0 | D:1      | Froggeryz the Gnoll Wanderer began the quest for the Orb.
     0 | D:1      | Froggeryz set off with the following items: a +2 hand axe,
                  | a +0 ring mail, a potion of lignification, a ration
     0 | D:1      | Reached XP level 1. HP: 26/26 MP: 1/1
   635 | D:1      | Reached XP level 2. HP: 33/33 MP: 2/2
  1025 | D:2      | Reached XP level 3. HP: 38/38 MP: 3/3
  1033 | D:2      | Reached skill level 1 in Invocations
  1042 | D:2      | Reached skill level 1 in Short Blades
  1042 | D:2      | Reached skill level 1 in Long Blades
  1042 | D:2      | Reached skill level 1 in Maces & Flails
  1042 | D:2      | Reached skill level 1 in Polearms
  1042 | D:2      | Reached skill level 1 in Staves
  1042 | D:2      | Reached skill level 1 in Slings
  1042 | D:2      | Reached skill level 1 in Bows
  1042 | D:2      | Reached skill level 1 in Crossbows
  1042 | D:2      | Reached skill level 1 in Armour
  1042 | D:2      | Reached skill level 1 in Shields
  1042 | D:2      | Reached skill level 1 in Unarmed Combat
  1042 | D:2      | Reached skill level 1 in Spellcasting
  1042 | D:2      | Reached skill level 1 in Evocations
  1045 | D:2      | Found a shimmering altar of Xom.
  1045 | D:2      | Found a shadowy altar of Dithmenos.
  1048 | D:2      | HP: 1/38 [poisoned by a gnoll]
  1053 | D:2      | Succumbed to a gnoll's poison

Illustrated notes

Levels and vault maps discovered:
D:1:      elethiomel_arrival_infinity_welcomes_careful_drivers, layout_rooms
D:2:      layout_rooms, grunt_temple_overflow_open

Skill      XL: |  1  2  3 |
---------------+----------+-----
Invocations    | 1 |  1.0
Short Blades   | 1 |  1.0
Long Blades    | 1 |  1.0
Maces & Flails | 1 |  1.0
Polearms       | 1 |  1.0
Staves         | 1 |  1.0
Slings         | 1 |  1.0
Bows           | 1 |  1.0
Crossbows      | 1 |  1.0
Armour         | 1 |  1.0
Shields        | 1 |  1.0
Unarmed Combat | 1 |  1.0
Spellcasting   | 1 |  1.0
Evocations     | 1 |  1.0
Fighting       | |  8.5
Axes           | |  4.6
Throwing       | |  4.6
Dodging        | |  2.6
Stealth        | |  2.4
Conjurations   | |  0.7
Hexes          | |  0.7
Charms         | |  0.7
Summonings     | |  0.7
Necromancy     | |  0.7
Translocations | |  0.7
Transmutations | |  0.7
Fire Magic     | |  0.7
Ice Magic      | |  0.7
Air Magic      | |  0.7
Earth Magic    | |  0.7
Poison Magic   | |  0.7

Action                   || total
-------------------------++-------
Melee: Hand axe          ||    19
       Short sword       ||    27
       Bite              ||     5
  Use: Scroll            ||     1
       Potion            ||     1
 Stab: Sleeping          ||     4
       Distracted        ||     1
Armor: Ring mail         ||    21
Dodge: Dodged            ||    35
